 Dungeon Crawl Stone Soup version 0.23.2-40-g277498a001 (webtiles) character file.

Game seed: 6895932596152965262

1164 Aggronaut the Geomancer (level 8, -3/41 HPs)
             Began as a Deep Elf Earth Elementalist on Oct 1, 2019.
             Was a Follower of Kikubaaqudgha.
             Slain by a bullfrog skeleton (5 damage)
             ... on level 6 of the Dungeon.
             The game lasted 00:22:32 (6419 turns).

Aggronaut the Geomancer (DEEE)                      Turns: 6419, Time: 00:22:33

Health: -3/41      AC:  2    Str: 11    XL:     8   Next: 17%
Magic:  8/17       EV: 13    Int: 22    God:    Kikubaaqudgha [*.....]
Gold:   157        SH:  0    Dex: 18    Spells: 2/16 levels left

rFire    . . .     SeeInvis +   g - +0 quarterstaff
rCold    . . .     Gourm    .   (shield currently unavailable)
rNeg     . . .     Faith    .   u - +0 robe of Lush {rCorr Str-2 Dex+3 SInv}
rPois    .         Spirit   .   (no helmet)
rElec    .         Reflect  .   (no cloak)
rCorr    +         Harm     .   (no gloves)
MR       .....                  (no boots)
Stlth    ++........             (no amulet)
HPRegen  0.13/turn              e - +4 ring of strength
MPRegen  0.15/turn              s - +3 ring of strength

@: no status effects
A: no striking features
a: Receive Corpses, Renounce Religion


You were on level 6 of the Dungeon.
You worshipped Kikubaaqudgha.
Kikubaaqudgha was aware of your devotion.
You were near starving.

You visited 2 branches of the dungeon, and saw 7 of its levels.
You also visited: Sewer.

You collected 157 gold pieces.

Inventory:

Hand Weapons
 g - a +0 quarterstaff (weapon)
 k - a +3 dagger of venom
Missiles
 b - 86 stones (quivered)
Armour
 u - the +0 robe of Lush (worn) {rCorr Str-2 Dex+3 SInv}
   (You found it on level 4 of the Dungeon)

   It affects your strength (-2).
   It affects your dexterity (+3).
   It lets you see invisible.
   It provides partial protection from all sources of acid and corrosion.
Jewellery
 e - a +4 ring of strength (left hand)
 s - a +3 ring of strength (right hand)
 y - an uncursed amulet of harm {unknown}
Wands
 c - a wand of random effects (18)
 j - a wand of polymorph (5)
 p - a wand of flame (28)
 t - a wand of clouds (4)
Scrolls
 a - a scroll of amnesia
 h - 4 scrolls of teleportation
 r - a scroll of noise {unknown}
 w - a scroll of enchant armour {unknown}
 x - a scroll of identify
Potions
 f - a potion of agility
 i - 2 potions of curing
 l - a potion of lignification
 m - 2 potions of brilliance
 n - a potion of berserk rage
 o - 3 potions of flight
 q - a potion of mutation
 v - 3 potions of might {unknown}
Comestibles
 d - 10 rations


   Skills:
 * Level 3.6 Staves
 - Level 2.4 Dodging
 - Level 2.4 Stealth
 + Level 4.7 Spellcasting
 - Level 1.1 Transmutations
 + Level 9.8 Earth Magic


You had 2 spell levels left.
You knew the following spells:

 Your Spells              Type           Power        Failure   Level  Hunger
a - Sandblast             Erth           #####.       1%          1    None
b - Stone Arrow           Conj/Erth      ####..       4%          3    ##.....
c - Lee's Rapid Deconstr  Erth           #####.....   4%          5    #####..
d - Regeneration          Chrm/Necr      #.........   30%         3    ##.....
e - Passwall              Tmut/Erth      ####....     1%          2    None

Your spell library contained the following spells:

 Spells                   Type           Power        Failure   Level  Hunger
 Animate Skeleton         Necr           N/A          11%         1    None
 Pain                     Necr           #...         11%         1    None
 Sublimation of Blood     Necr           #.........   16%         2    None
 Petrify                  Tmut/Erth      ####....     11%         4    ####...


Dungeon Overview and Level Annotations

Branches:
Dungeon (6/15)             Temple (1/1) D:4

Altars:
Ashenzari
Cheibriados
Dithmenos
Elyvilon
Fedhas
Gozag
Hepliaklqana
Kikubaaqudgha
Makhleb
Nemelex Xobeh
Okawaru
Qazlal
Ru
Sif Muna
Trog
Uskayaw
Vehumet
Wu Jian
Xom
Yredelemnul
Zin
The Shining One


Message History

The centaur skeleton hits you!
* * * LOW HITPOINT WARNING * * *
The bullfrog barely misses you. The bullfrog closely misses you.
The bullfrog skeleton hits you.
* * * LOW HITPOINT WARNING * * *
Found 21 gold pieces.
You feel sick.
You are no longer poisoned.
The bullfrog skeleton closely misses you.
The centaur skeleton misses you. The bullfrog zombie barely misses you.
A gnoll comes into view.
The centaur skeleton closely misses you.
The bullfrog hits you.
* * * LOW HITPOINT WARNING * * *
The bullfrog zombie closely misses you.
The bullfrog zombie hits you but does no damage.
The bullfrog skeleton hits you.
You die...
Kikubaaqudgha rasps: "You have failed me!
Welcome... death!"

######### #.......#
########.......#
#.......oZ.....#
#[......FZ@....#
#......g.Z.....#
#......og.##..$...
#.....)o..# ......
#.........# ......
##.g....####......#
#.........#......#
#)...............#
#......<.....ยง...#


You could see an orc warrior, a bullfrog, an orc wizard, 3 gnolls, an orc, a
bullfrog zombie, a bullfrog skeleton and a centaur skeleton.

Vanquished Creatures
  Sigmund (D:3)
  A phantom (D:4)
  3 ogres
  A crocodile (Sewer)
  2 hounds (D:5)
  A centaur skeleton (D:4)
  An iguana (D:4)
  An orc wizard (D:4)
  Jessica (D:2)
  Natasha (thrice) (D:4)
  2 worker ants
  A hound skeleton (D:5)
  2 gnolls
  5 adders
  4 river rats
  A shadow imp (D:5)
  3 oozes
  2 adder skeletons (D:5)
  7 worms
  2 dart slugs
  4 leopard geckos
  11 orcs
  7 giant cockroaches
  2 gnoll zombies (D:5)
  7 hobgoblins
  18 jackals
  A ball python zombie (D:5)
  5 bats
  5 frilled lizards
  9 goblins
  A jackal skeleton (D:5)
  14 kobolds
  5 rats
133 creatures vanquished.

Notes
Turn   | Place    | Note
-------+----------+-------------------------------------------
     0 | D:1      | Aggronaut the Deep Elf Earth Elementalist began the quest
                  | for the Orb.
     0 | D:1      | Reached XP level 1. HP: 10/10 MP: 6/6
   168 | D:1      | Reached skill level 4 in Earth Magic
   168 | D:1      | Reached XP level 2. HP: 9/15 MP: 0/8
   716 | D:1      | Reached XP level 3. HP: 19/19 MP: 5/9
   808 | D:1      | Learned a level 3 spell: Stone Arrow
  1334 | D:2      | Reached skill level 5 in Earth Magic
  1347 | D:2      | Noticed Jessica
  1349 | D:2      | Killed Jessica
  1349 | D:2      | Reached XP level 4. HP: 24/24 MP: 4/10
  1692 | D:3      | Found a burning altar of Makhleb.
  1847 | D:3      | Reached skill level 6 in Earth Magic
  1883 | D:2      | Reached XP level 5. HP: 12/28 MP: 1/11
  2290 | D:3      | Found a glowing drain.
  2295 | Sewer    | Entered a sewer
  2406 | Sewer    | Noticed a crocodile
  2411 | Sewer    | Killed a crocodile
  2411 | Sewer    | Reached skill level 7 in Earth Magic
  2807 | D:3      | Noticed Sigmund
  2813 | D:3      | Killed Sigmund
  2813 | D:3      | Reached skill level 8 in Earth Magic
  2813 | D:3      | Reached XP level 6. HP: 11/32 MP: 2/12
  3720 | D:4      | Got a thick robe
  3731 | D:4      | Identified the cursed +0 robe of Lush {rCorr Str-2 Dex+3
                  | SInv} (You found it on level 4 of the Dungeon)
  3755 | D:4      | Noticed Natasha
  3763 | D:4      | Learned a level 5 spell: Lee's Rapid Deconstruction
  3770 | D:4      | Killed Natasha
  3859 | D:4      | Found a staircase to the Ecumenical Temple.
  3865 | D:4      | Noticed Natasha
  3874 | Temple   | Entered the Ecumenical Temple
  4042 | Temple   | Became a worshipper of Kikubaaqudgha
  4064 | D:4      | Killed Natasha
  4064 | D:4      | Reached XP level 7. HP: 36/36 MP: 5/13
  4126 | D:4      | Reached skill level 9 in Earth Magic
  4514 | D:4      | Noticed Natasha
  4518 | D:4      | Killed Natasha
  4549 | D:4      | Reached skill level 1 in Staves
  4978 | D:5      | Entered Level 5 of the Dungeon
  5033 | D:5      | Reached * piety under Kikubaaqudgha
  5033 | D:5      | Identified Kikubaaqudgha's Handbook of Sinister Rites
                  | (Kikubaaqudgha gifted it to you on level 5 of the Dungeon)
  5033 | D:5      | Received a gift from Kikubaaqudgha
  5039 | D:5      | Learned a level 3 spell: Regeneration
  5057 | D:5      | Reached XP level 8. HP: 41/41 MP: 0/16
  5829 | D:5      | Learned a level 2 spell: Passwall
  6329 | D:5      | Found a basalt altar of Yredelemnul.
  6418 | D:6      | HP: 2/41 [bullfrog (6)]
  6419 | D:6      | Slain by a bullfrog skeleton

Skill      XL: |  1  2  3  4  5  6  7 |
---------------+----------------------+-----
Earth Magic    | 4 5 6 8 9 |  9.8
Staves         | 3 |  3.6
Spellcasting   | 4 |  4.7
Dodging        | |  2.4
Stealth        | |  2.4
Transmutations | |  1.1

Action                   |  1- 3 |  4- 6 |  7- 9 || total
-------------------------+-------+-------+-------++-------
Melee: Unarmed           |     1 |       |       ||     1
       Dagger            |       |    11 |       ||    11
       Quarterstaff      |       |       |    46 ||    46
 Cast: Sandblast         |    43 |    74 |    29 ||   146
       Stone Arrow       |     2 |    19 |    15 ||    36
       Lee's Rapid Decon |       |       |     4 ||     4
       Passwall          |       |       |     3 ||     3
  Use: Potion            |       |     2 |       ||     2
       Scroll            |       |    10 |     2 ||    12
 Stab: Distracted        |       |       |     1 ||     1
       Sleeping          |       |       |     1 ||     1
  Eat: Chunk             |     1 |    10 |     9 ||    20
Armor: Robe              |     4 |    12 |     9 ||    25
Dodge: Dodged            |    15 |    36 |    48 ||    99
